 Dungeon Crawl Stone Soup version 0.22-a0-480-g991dd4b (webtiles) character file.

2971 torrenera the Frost Mage (level 9, -3/75 HPs)
             Began as a Black Draconian Ice Elementalist on June 15, 2018.
             Was a Priest of Sif Muna.
             Slain by a two-headed ogre
             ... wielding a +0 giant club
              (25 damage)
             ... on level 7 of the Dungeon.
             The game lasted 00:21:25 (7870 turns).

torrenera the Frost Mage (DrIE)                     Turns: 7870, Time: 00:21:26

Health: -3/75      AC:  8    Str: 11    XL:     9   Next: 53%
Magic:  11/21      EV: 12    Int: 18    God:    Sif Muna [***...]
Gold:   447        SH:  0    Dex: 12    Spells: 10/24 levels left

rFire    . . .     SeeInvis .   m - +1 dagger (venom)
rCold    . . .     Gourm    .   (no shield)
rNeg     . . .     Faith    .   (armour unavailable)
rPois    .         Spirit   .   (helmet restricted)
rElec    +         Reflect  .   B - +0 cloak
rCorr    .         Harm     .   (no gloves)
MR       .....                  (no boots)
Stlth    ++........             (no amulet)
HPRegen  0.22/turn              (no ring)
MPRegen  0.17/turn              (no ring)

@: no status effects
A: breathe lightning, unfitting armour, electricity resistance, cold-blooded, AC
+7
a: Breathe Lightning, Divine Energy, Channel Magic, Renounce Religion


You were on level 7 of the Dungeon.
You worshipped Sif Muna.
Sif Muna was most pleased with you.
You were very hungry.

You visited 1 branch of the dungeon, and saw 8 of its levels.

You collected 447 gold pieces.

Inventory:

Hand Weapons
 e - a +2 short sword of venom
 m - a +1 dagger of venom (weapon)
 C - a +2 short sword of speed
Missiles
 a - 181 stones (quivered)
Armour
 y - a +0 buckler
 B - a +0 cloak (worn)
Magical Staves
 u - an uncursed staff of conjuration
Jewellery
 n - a +5 ring of protection {unknown}
 o - a +2 amulet of reflection {unknown}
 v - an uncursed ring of resist corrosion {unknown}
Wands
 s - a wand of polymorph (29)
 w - a wand of random effects (87)
Scrolls
 c - 5 scrolls of remove curse {unknown}
 f - 4 scrolls of teleportation {unknown}
 g - a scroll of random uselessness {unknown}
 h - 5 scrolls of identify {unknown}
 j - a scroll of enchant weapon {unknown}
 t - 3 scrolls of fog {unknown}
Potions
 d - 4 potions of curing {unknown}
 i - a potion of resistance {unknown}
 k - a potion of magic {unknown}
 l - a potion of might {unknown}
 p - a potion of brilliance {unknown}
 q - a potion of haste
 r - 2 potions of flight {unknown}
 x - a potion of mutation {unknown}
 z - 2 potions of cancellation {unknown}
 A - 2 potions of heal wounds
 E - a potion of degeneration {unknown}
Comestibles
 b - 14 rations


   Skills:
 * Level 6.1 Fighting
 - Level 1.7 Dodging
 - Level 1.7 Stealth
 - Level 8.0 Spellcasting
 - Level 1.0 Conjurations
 - Level 4.1 Summonings
 - Level 8.0 Ice Magic


You had 10 spell levels left.
You knew the following spells:

 Your Spells              Type           Power        Failure   Level  Hunger
a - Freeze                Ice            ####         1%          1    None
b - Throw Frost           Conj/Ice       ###...       2%          2    None
c - Ozocubu's Armour      Chrm/Ice       ###.....     5%          3    #......
d - Summon Ice Beast      Ice/Summ       ####....     9%          4    ###....
e - Throw Icicle          Conj/Ice       ###.....     16%         4    ###....

Your spell library contained the following spells:

 Spells                   Type           Power        Failure   Level  Hunger
 Confuse                  Hex            #.......     28%         3    #......
 Confusing Touch          Hex            #.....       10%         1    None
 Metabolic Englaciation   Hex/Ice        ###.......   45%         5    #####..
 Petrify                  Tmut/Erth      #.......     67%         4    ###....
 Gell's Gravitas          Tloc           #.........   28%         3    #......
 Yara's Violent Unravell  Hex/Tmut       #.........   95%         5    #####..


Dungeon Overview and Level Annotations

Branches:
Dungeon (8/15)             Temple (0/1) D:7
   Lair: D:8-11

Altars:
Dithmenos
Fedhas
Makhleb
Ru
Sif Muna
Trog
Xom

Annotations:
D:6 Zorot's ghost, novice VSMo


Innate Abilities, Weirdness & Mutations

You can breathe wild blasts of lightning.
Your glossy black scales are hard. (AC +7)
You cannot fit into any form of body armour.
You are resistant to electric shocks. (rElec)
You are cold-blooded and may be slowed by cold attacks.


Message History

Casting: Throw Icicle (safe; 16% risk of failure)
Confirm with . or Enter, or press ? or * to list all spells.
Aiming: Freeze (safe; 1% risk of failure)
Press: ? - help, Shift-Dir - straight line, f/p - two-headed ogre
Aim: a two-headed ogre, wielding two giant clubs (heavily wounded, poisoned)
You freeze the two-headed ogre.
The two-headed ogre is heavily wounded.
The two-headed ogre hits you with a giant club!
* * * LOW HITPOINT WARNING * * *
The two-headed ogre closely misses you.
Casting: Freeze (safe; 1% risk of failure)
Confirm with . or Enter, or press ? or * to list all spells.
Aiming: Freeze (safe; 1% risk of failure)
Press: ? - help, Shift-Dir - straight line, f/p - two-headed ogre
Aim: a two-headed ogre, wielding two giant clubs (heavily wounded, poisoned)
You freeze the two-headed ogre.
The two-headed ogre is severely wounded.
The two-headed ogre barely misses you.
The two-headed ogre hits you with a giant club!!
You die...

..##.##.###.# #.####
..##.##.# #.# #....#
.###.##.# #.# ####.#
........# #.# #.#
.######## #.# #.# [#
#.# #.# .# ### #.##
#.#
#####.#####..######.#
.......))(.....O@...#
#####.######.########
# ### #.# ##### #.#
....# #.#
###.########.# #
#..........#
############


You could see a two-headed ogre.

Vanquished Creatures
  Pikel (D:7)
  Joseph (D:7)
  Eustachio (D:7)
  Edmund (D:7)
  2 slaves (D:7)
  2 ice beasts
  4 ogres
  A centaur (D:7)
  A necrophage (D:7)
  A bullfrog (D:7)
  4 scorpions
  2 howler monkeys
  A bullfrog zombie (D:7)
  6 hounds
  A quasit (D:4)
  A jelly (D:7)
  2 orc priests
  5 orc wizards
  2 iguanas
  7 worker ants
  Natasha (D:3)
  4 adders
  A shadow imp (D:6)
  2 oozes
  An adder skeleton (D:6)
  A worm (D:3)
  2 leopard geckos
  18 orcs
  4 bats
  3 giant cockroaches
  6 goblins
  6 hobgoblins
  11 jackals (D:4)
  3 quokkas
  2 ball pythons
  3 frilled lizards
  12 kobolds
  5 rats
131 creatures vanquished.

Vanquished Creatures (collateral kills)
  Menkaure (D:5)
  The ghost of zard0z the Sneak, an amateur SpEn (D:4)
  2 slaves
  An ogre (D:5)
  A crimson imp (D:5)
  A jelly (D:5)
  A worker ant zombie (D:5)
  A jackal (D:4)
  A leopard gecko skeleton (D:4)
10 creatures vanquished.

Grand Total: 141 creatures vanquished

Notes
Turn   | Place    | Note
-------+----------+-------------------------------------------
     0 | D:1      | torrenera the Draconian Ice Elementalist began the quest for the Orb.
     0 | D:1      | Reached XP level 1. HP: 14/14 MP: 3/3
   204 | D:1      | Reached XP level 2. HP: 16/20 MP: 1/5
   797 | D:2      | Learned a level 2 spell: Throw Frost
   858 | D:2      | Reached XP level 3. HP: 25/26 MP: 6/6
  1090 | D:2      | Found a burning altar of Makhleb.
  1097 | D:2      | Reached XP level 4. HP: 17/33 MP: 3/7
  1337 | D:2      | Reached skill level 5 in Ice Magic
  1348 | D:2      | Reached XP level 5. HP: 25/38 MP: 2/9
  1565 | D:3      | Learned a level 3 spell: Ozocubu's Armour
  1570 | D:3      | Learned a level 4 spell: Summon Ice Beast
  1609 | D:3      | Found a deep blue altar of Sif Muna.
  1684 | D:3      | Became a worshipper of Sif Muna the Loreminder
  1804 | D:3      | Noticed Natasha
  1815 | D:3      | Killed Natasha
  2177 | D:4      | Reached skill level 1 in Summonings
  2248 | D:4      | Reached XP level 6. HP: 35/45 MP: 4/11
  2255 | D:4      | Reached * piety under Sif Muna
  2368 | D:4      | Noticed zard0z's ghost (amateur SpEn)
  2451 | D:4      | Noticed an ice beast
  2476 | D:4      | Killed an ice beast
  2640 | D:4      | Your scales start taking on a glossy black colour.
  2640 | D:4      | Reached XP level 7. HP: 37/50 MP: 13/13
  2640 | D:4      | Gained mutation: You are resistant to electric shocks. (rElec) [Black Draconian growth]
  3176 | D:4      | Found a shimmering altar of Xom.
  3189 | D:4      | Reached ** piety under Sif Muna
  3204 | D:4      | Killed zard0z's ghost
  3419 | D:5      | Entered Level 5 of the Dungeon
  3427 | D:5      | Reached skill level 5 in Spellcasting
  3532 | D:5      | Noticed Menkaure
  3973 | D:5      | Killed Menkaure
  3973 | D:5      | Reached XP level 8. HP: 32/57 MP: 8/16
  4151 | D:5      | Learned a level 4 spell: Throw Icicle
  4784 | D:5      | Found a sacrificial altar of Ru.
  4964 | D:6      | Found a bloodstained altar of Trog.
  5137 | D:6      | Reached *** piety under Sif Muna
  5434 | D:6      | Noticed Edmund
  5434 | D:6      | Noticed Eustachio
  5449 | D:6      | Noticed Pikel
  5736 | D:7      | Found a blossoming altar of Fedhas.
  5932 | D:7      | Found a shadowy altar of Dithmenos.
  6215 | D:7      | Reached XP level 9. HP: 52/63 MP: 18/20
  6350 | D:7      | Reached skill level 1 in Fighting
  6416 | D:7      | Noticed Joseph
  6444 | D:7      | Killed Joseph
  6598 | D:7      | Found a staircase to the Ecumenical Temple.
  7073 | D:7      | Killed Edmund
  7213 | D:7      | Killed Pikel
  7213 | D:7      | Reached skill level 5 in Fighting
  7359 | D:7      | Killed Eustachio
  7476 | D:6      | Noticed Zorot's ghost (novice VSMo)
  7768 | D:8      | Noticed a two-headed ogre
  7863 | D:8      | Noticed a two-headed ogre
  7870 | D:7      | Slain by a two-headed ogre

Vault maps used:
D:1:      co_arrival_square_in_a_square_in_a_square
D:2:      makhleb_blood_cavern_becter
D:3:      led_sif_pool, uniq_natasha
D:4:      xom_butterflies, first_ration
D:5:      old_standard_altar, uniq_menkaure
D:6:      basic_altar, serial_shops, nicolae_shop_stone, uniq_pikel,
          uniq_edmund, uniq_eustachio
D:7:      nicolae_overflow_crystal_walls, grunt_dithmenos_smoke_and_mirrors,
          temple_statues, uniq_joseph

Skill      XL: |  1  2  3  4  5  6  7  8  9 |
---------------+----------------------------+-----
Ice Magic      | 4 5 6 7 8 |  8.0
Spellcasting   | 3 4 5 7 8 |  8.0
Summonings     | 1 2 3 4 |  4.1
Fighting       | 6 |  6.1
Dodging        | |  1.7
Stealth        | |  1.7
Conjurations   | |  1.0

Action                   |  1- 3 |  4- 6 |  7- 9 || total
-------------------------+-------+-------+-------++-------
Melee: Mace              |    34 |       |       ||    34
       Tailslap          |     1 |     8 |    23 ||    32
       Dagger            |    12 |   139 |   192 ||   343
       Staff             |       |       |    58 ||    58
Throw: Stone             |       |    11 |     8 ||    19
 Cast: Freeze            |    43 |    25 |    28 ||    96
       Ozocubu's Armour  |       |     1 |     4 ||     5
       Summon Ice Beast  |       |       |    19 ||    19
       Throw Frost       |       |       |     9 ||     9
       Throw Icicle      |       |       |    45 ||    45
 Abil: Breathe Lightning |       |       |     3 ||     3
  Use: Potion            |       |     1 |     1 ||     2
 Stab: Sleeping          |       |     1 |     1 ||     2
  Eat: Chunk             |     1 |     6 |    27 ||    34
Armor: Skin              |    24 |    61 |   125 ||   210
Dodge: Dodged            |    53 |   123 |   241 ||   417

Table legend:
 A = Spawn XP
 B = Non-spawn XP
 C = Spawn XP percentage of total XP
 D = Spawn monster count
 E = Non-spawn monster count
 F = Spawn count percentage of total count
 G = Total turns spent on level
                    A         B        C        D         E        F      G
               +---------+---------+-------+---------+---------+-------+---------
         Total |       0 |    4245 |   0.0 |       0 |     137 |   0.0 |  7870
               +---------+---------+-------+---------+---------+-------+---------
           D:1 |       0 |      30 |   0.0 |       0 |      19 |   0.0 |   618
           D:2 |       0 |     174 |   0.0 |       0 |      22 |   0.0 |   897
           D:3 |       0 |      69 |   0.0 |       0 |      10 |   0.0 |   686
           D:4 |       0 |     868 |   0.0 |       0 |      35 |   0.0 |  1477
           D:5 |       0 |     992 |   0.0 |       0 |      24 |   0.0 |  1244
           D:6 |       0 |     127 |   0.0 |       0 |       6 |   0.0 |   639
           D:7 |       0 |    1985 |   0.0 |       0 |      21 |   0.0 |  2301
               +---------+---------+-------+---------+---------+-------+---------
